 Dungeon Crawl Stone Soup version 0.32-a0-12-g7fc57aa741 (webtiles) character file.

Game seed: 1474036229044798206

3126 anacleto the Changeling (level 9, -19/85 HPs)
             Began as a Troll Shapeshifter on Jan 14, 2024.
             Was an Initiate of Qazlal.
             Demolished by an unseen horror simulacrum (20 damage)
             ... on level 9 of the Dungeon.
             The game lasted 00:14:49 (8207 turns).

anacleto the Changeling (Troll Shapeshifter)        Turns: 8207, Time: 00:14:50

Health: -19/85     AC:  4    Str: 28    XL:     9   Next: 61%
Magic:  8/8        EV: 10    Int:  6    God:    Qazlal [......]
Gold:   338        SH:  0    Dex:  9    Spells: 8/8 levels left

rFire   . .          .
                       - Unarmed
rCold   . . .        (no shield)
rNeg    . . .        a - +0 animal skin
rPois   .            (helmet currently unavailable)
rElec   .            I - melded +1 cloak
rCorr   .            (gloves unavailable)
SInv    .            (boots unavailable)
Will    +....        (no amulet)
Stlth   +            j - ring of willpower
HPRegen 1.14/turn    (no ring)
MPRegen 0.11/turn

%: no passive effects
@: beast-form
A: beast (slay +4), large, unfitting armour, claws 3, regeneration 1, shaggy fur
1, tough skin 1
a: Begin Untransformation, Renounce Religion


You were on level 9 of the Dungeon.
You worshipped Qazlal.
Qazlal was noncommittal.
You were a hulking beast.
You visited 2 branches of the dungeon, and saw 10 of its levels.

You collected 338 gold pieces.

Inventory:

Missiles
 e - 3 boomerangs (quivered)
 g - 6 large rocks
 n - 4 javelins
 p - 2 throwing nets
 y - 13 poisoned darts
Armour
 a - a +0 animal skin (worn)
 I - a +1 cloak (melded)
Jewellery
 j - a ring of willpower (left claw)
 u - a ring of ice
 z - a ring of resist corrosion
Talismans
 c - a beast talisman (active)
 d - a flux talisman
Wands
 A - a wand of digging (8)
 C - a wand of light (11)
Scrolls
 i - a scroll of revelation {unknown}
 k - 2 scrolls of fear {unknown}
 o - a scroll of brand weapon {unknown}
 q - a scroll of silence {unknown}
 s - 2 scrolls of fog
 w - 3 scrolls of enchant weapon
 x - 2 scrolls of noise {unknown}
 B - a scroll of vulnerability
 G - a scroll of amnesia {unknown}
 H - a scroll of poison {unknown}
 K - a scroll of identify
Potions
 f - a potion of magic {unknown}
 m - 3 potions of brilliance {unknown}
 r - 3 potions of enlightenment {unknown}
 v - a potion of cancellation {unknown}
 D - a potion of degeneration {unknown}
 E - a potion of attraction {unknown}
 F - 2 potions of curing {unknown}
 J - a potion of might {unknown}
 L - a potion of mutation {unknown}


   Skills:
 + Level 4.5 Fighting
 + Level 4.9 Throwing
 + Level 4.6 Dodging
 + Level 6.2 Unarmed Combat
 + Level 0.3 Invocations
 * Level 7.9 Shapeshifting


You had 8 spell levels left.
You didn't know any spells.
Your spell library contained the following spells:

 Spells                   Type           Power      Damage    Failure   Level
 Necrotise                Necr           0%         1d4       45%         1
 Sandblast                Erth           0%         2d4       45%         1
 Blink                    Tloc           0%         N/A       58%         2
 Lesser Beckoning         Tloc           0%         N/A       58%         2
 Momentum Strike          Conj/Tloc      0%         3d8       58%         2
 Dazzling Flash           Conj/Hex       0%         N/A       83%         3
 Passwall                 Erth           0%         N/A       83%         3
 Stone Arrow              Conj/Erth      0%         3d7       83%         3
 Vampiric Draining        Necr           0%         2d6       83%         3
 Volatile Blastmotes      Fire/Tloc      0%         2d10      83%         3
 Brom's Barrelling Bould  Conj/Erth      0%         2d3       99%         4
 Martyr's Knell           Necr/Summ      0%         N/A       99%         4
 Curse of Agony           Necr           0%         N/A       100%        5
 Starburst                Conj/Fire      0%         6d3       100%        6
 Maxwell's Capacitive Co  Air            0%         ∞         100%        8


Dungeon Overview and Level Annotations

Branches:
Dungeon (9/15)             Temple (1/1) D:7
   Lair: D:8-11         Orc: D:9-12

Altars:
Cheibriados
Elyvilon
Fedhas
Gozag
Hepliaklqana
Kikubaaqudgha
Makhleb
Nemelex Xobeh
Qazlal
Ru
Sif Muna
Uskayaw
Vehumet
Wu Jian
Zin

Shops:
D:1 :

Annotations:
D:7 1 runed translucent door, Azoth's ghost, amateur FeSh
Temple 4 transporters


Innate Abilities, Weirdness & Mutations

You are a hulking beast.
Your limbs bulge with bestial killing power. (Slay +4)
You are too large for most types of armour.
You have claws for hands.
Your natural rate of healing is unusually fast.
You are covered in fur. (AC +1)
You have tough skin. (AC +1)


Message History

There is a stone staircase leading up here.
You climb upwards.
There is a stone staircase leading down here.
You start resting.
HP restored.
You climb downwards.
The howler monkey hits you but does no damage.
The howler monkey hits you.
There is a stone staircase leading up here.
You closely miss the howler monkey.
The howler monkey howls!
An unseen horror simulacrum comes into view.
The howler monkey hoots and howls with incredible vigour!
The howler monkey barely misses you.
You hear an angry hiss.
You hear an angry buzzing noise.
You hear a shout!
You claw the howler monkey!
The howler monkey is heavily wounded.
The howler monkey hits you.
You claw the howler monkey!
You kill the howler monkey!
Qazlal accepts your kill. The unseen horror simulacrum hits you!
The unseen horror simulacrum freezes you!
The unseen horror simulacrum hits you.
The unseen horror simulacrum freezes you!
The unseen horror simulacrum hits you!
The unseen horror simulacrum freezes you!
The unseen horror simulacrum barely misses you.
You can't go up here!
The unseen horror simulacrum hits you.
The unseen horror simulacrum freezes you!
* * * LOW HITPOINT WARNING * * *
The unseen horror simulacrum hits you.
* * * LOW HITPOINT WARNING * * *
The unseen horror simulacrum freezes you!
* * * LOW HITPOINT WARNING * * *
The howler monkey closely misses you. The unseen horror simulacrum hits you.
* * * LOW HITPOINT WARNING * * *
The unseen horror simulacrum freezes you!!
You die...

#....########
#....#......#
#....#.....^####
#....#.........#
#....#.........#
###....#.........##
#......'.....h...h.
######..h...#...........
.......hZ...#######.....
...............[..#.....
..................#....#
..................######
....................
..#####.......###### ..
#.......# #.......#
#.....###


You could see a howler monkey and an unseen horror simulacrum.

Vanquished Creatures
  Joseph (D:8)
  A yak (D:4)
  A wyvern (D:8)
  2 water moccasins
  An orc warrior (D:5)
  A black bear (D:6)
  An ice beast (D:9)
  5 ogres
  A centaur (D:6)
  A phantom (D:4)
  A bullfrog (D:7)
  2 scorpions (D:5)
  A burial acolyte (D:8)
  A wight (D:4)
  10 killer bees
  A howler monkey (D:9)
  2 bombardier beetles
  3 hounds
  A jelly (D:8)
  6 orc priests
  3 iguanas
  3 orc wizards
  A sleepcap (D:8)
  Ijyb (D:5)
  4 gnolls
  5 adders
  A white imp (D:7)
  An adder zombie (D:8)
  A dart slug (D:2)
  19 orcs
  5 bats
  5 endoplasms
  2 giant cockroaches (D:2)
  6 goblins
  2 hobgoblins
  2 jackals (D:1)
  A quokka (D:3)
  4 ball pythons
  3 frilled lizards
  A jackal zombie (D:8)
  9 kobolds
  3 rats (D:3)
125 creatures vanquished.

Notes
Turn   | Place    | Note
-------+----------+-------------------------------------------
     0 | D:1      | anacleto the Troll Shapeshifter began the quest for the
                  | Orb.
     0 | D:1      | Reached XP level 1. HP: 18/18 MP: 0/0
   256 | D:1      | Reached skill level 1 in Fighting
   256 | D:1      | Reached XP level 2. HP: 27/27 MP: 1/1
   343 | D:1      | Found Olipodic's Book Emporium.
   846 | D:2      | Reached XP level 3. HP: 33/33 MP: 2/2
  1168 | D:2      | Reached skill level 1 in Throwing
  1573 | D:3      | Reached XP level 4. HP: 41/41 MP: 3/3
  1856 | D:3      | Reached skill level 4 in Shapeshifting
  1856 | D:3      | Reached XP level 5. HP: 20/48 MP: 4/4
  2771 | D:4      | Noticed an ogre
  2776 | D:4      | Killed an ogre
  2777 | D:4      | Reached XP level 6. HP: 31/57 MP: 5/5
  3477 | D:5      | Entered Level 5 of the Dungeon
  3479 | D:5      | Identified the +4 trident of Miygico {pain, rN+ rCorr
                  | Dex+6}
  3490 | D:5      | Reached skill level 5 in Shapeshifting
  3490 | D:5      | Reached XP level 7. HP: 59/66 MP: 6/6
  3570 | D:5      | Noticed Ijyb
  3583 | D:5      | Killed Ijyb
  3807 | D:5      | Noticed a yak
  4025 | D:4      | Killed a yak
  4243 | D:5      | Reached XP level 8. HP: 69/75 MP: 7/7
  4337 | D:6      | Reached skill level 6 in Shapeshifting
  4466 | D:6      | Reached skill level 5 in Unarmed Combat
  5410 | D:7      | Found an opulent altar of Gozag.
  5556 | D:7      | Found a runed translucent door.
  5557 | D:7      | Noticed Azoth's ghost (amateur FeSh)
  5562 | D:7      | Noticed a komodo dragon
  5843 | D:7      | Found a staircase to the Ecumenical Temple.
  5897 | Temple   | Found a transporter.
  5897 | Temple   | Found a transporter.
  5897 | Temple   | Found a transporter.
  5897 | Temple   | Found a transporter.
  5897 | Temple   | Entered the Ecumenical Temple
  6057 | D:7      | Noticed a manticore
  6155 | D:8      | Reached skill level 7 in Shapeshifting
  6155 | D:8      | Reached XP level 9. HP: 81/84 MP: 8/8
  6514 | D:8      | Found a stormy altar of Qazlal.
  6514 | D:8      | Found a white marble altar of Elyvilon.
  6514 | D:8      | Found a radiant altar of Vehumet.
  6515 | D:8      | Found a blossoming altar of Fedhas.
  6524 | D:8      | Became a worshipper of Qazlal Stormbringer
  6982 | D:8      | Found an ancient bone altar of Kikubaaqudgha.
  7055 | D:8      | Noticed Joseph
  7067 | D:8      | Killed Joseph
  8207 | D:9      | HP: 2/85 [unseen horror simulacrum (17)]
  8207 | D:9      | Demolished by an unseen horror simulacrum

Illustrated notes

Levels and vault maps discovered:
D:1:      erik_arrival_triangle_large, layout_basic, serial_shops, shop
D:2:      layout_loops_ring, grunt_decor_resistance
D:3:      layout_basic, kennysheep_boxes
D:4:      layout_loops_ring
D:5:      lemuel_ice_spiral_2, layout_rooms, minmay_chambers_of_fives, uniq_ijyb
D:6:      layout_cave_pools
D:7:      layout_loops_ring, kennysheep_mini_moat,
          minmay_temple_entry_drinking_statues, ebering_ghost_inner_flame,
          minivault_25, minmay_statues_item
D:8:      layout_layer_cave, lemuel_zombie_altar_kikubaaqudgha,
          chequers_temple_overflow_statue_of_worship, uniq_joseph
D:9:      layout_irregular_city, nicolae_overflow_hidden_temple, serial_ice,
          serial_ice_a, serial_ice_n, serial_ice_o, serial_ice_e, serial_ice_g,
          serial_ice_d, serial_ice_h, serial_ice_c, serial_ice_f, serial_ice_j
Temple:   hellmonk_temple_divided_pantheon

Skill      XL: |  1  2  3  4  5  6  7  8  9 |
---------------+----------------------------+-----
Fighting       | 1 2 3 4 |  4.5
Throwing       | 1 2 3 4 |  4.9
Dodging        | 2 3 4 |  4.6
Shapeshifting  | 4 5 7 |  7.9
Unarmed Combat | 4 5 6 |  6.2
Invocations    | |  0.3

Action                     |  1- 3 |  4- 6 |  7- 9 || total
---------------------------+-------+-------+-------++-------
  Melee: Unarmed           |    76 |    47 |   161 ||   284
         Punch             |     1 |     1 |     4 ||     6
  Throw: Boomerang         |       |    34 |    80 ||   114
Ability: Begin Untransform |       |       |     1 ||     1
    Use: Scroll            |       |       |     8 ||     8
         Potion            |       |       |     6 ||     6
   Stab: Sleeping          |     1 |       |     1 ||     2
 Armour: Animal skin       |    55 |    23 |   178 ||   256
         Skin              |       |       |    46 ||    46
  Dodge: Dodged            |    37 |    21 |   104 ||   162
   Form: Beast             |       |       |     1 ||     1

Table legend: (Time is in decaauts)
 A = Elapsed time spent in this place.
 B = Non-inter-level travel time spent in this place.
 C = Inter-level travel time spent in this place.
 D = Time resting spent in this place.
 E = Time spent auto-exploring this place.
 F = Levels seen in this place.
 G = Mean time per level.
                   A        B        C        D        E       F      G
               +--------+--------+--------+--------+--------+-----+--------+
         Total |   8232 |   7792 |    440 |   1562 |   4780 |  10 |  823.2 |
       Dungeon |   8202 |   7776 |    426 |   1562 |   4780 |   9 |  911.3 |
        Temple |     29 |     15 |     14 |      0 |      0 |   1 |   29.0 |
               +--------+--------+--------+--------+--------+-----+--------+

Top non-repeatable levels by time:
     D:8: 1865 daAuts
     D:3: 1187 daAuts
     D:7: 983 daAuts
     D:4: 966 daAuts
     D:5: 924 daAuts
     D:1: 793 daAuts
     D:2: 727 daAuts
     D:6: 698 daAuts
     D:9: 56 daAuts
  Temple: 29 daAuts
